 Dungeon Crawl Stone Soup version 0.27-b1-2-g8387495791 (webtiles) character file.

Game seed: 12969711122410960069

494 unlimited1921 the Vexing (level 7, -4/52 HPs)
             Began as a Gnoll Arcane Marksman on July 25, 2021.
             Succumbed to a kobold brigand's curare-tipped dart
             ... on level 4 of the Dungeon.
             The game lasted 01:02:37 (5693 turns).

unlimited1921 the Vexing (Gnoll Arcane Marksman)    Turns: 5693, Time: 01:02:37

Health: -4/52      AC: 11    Str: 12    XL:     7   Next: 15%
Magic:  10/12      EV: 12    Int: 12    God:
Gold:   153        SH:  0    Dex: 12    Spells: 7/13 levels left

rFire    . . .     SeeInvis .   a - +1 hand crossbow
rCold    . . .     Faith    .   (no shield)
rNeg     . . .     Spirit   .   f - +0 ring mail
rPois    .         Reflect  .   q - +2 helmet
rElec    .         Harm     .   r - +2 cloak
rCorr    .         Rampage  .   (no gloves)
Will     .....                  (no boots)
Stlth    +.........             (no amulet)
HPRegen  0.17/turn              (no ring)
MPRegen  0.13/turn              (no ring)

@: lethally poisoned (-4 -> -42), slowed, very slow
A: fangs 1, strong nose, distributed training
a: no special abilities


You were on level 4 of the Dungeon.
You visited 1 branch of the dungeon, and saw 5 of its levels.

You collected 153 gold pieces.

Inventory:

Hand Weapons
 a - a +1 hand crossbow (weapon)
 j - a +0 spear
 o - a +2 dagger of flaming
 v - a +0 vampiric short sword
 z - a +0 quarterstaff
Missiles
 c - 56 bolts (quivered ammo)
 g - 2 datura-tipped darts (quivered)
 p - 24 poisoned darts
 t - 4 stones
 u - 10 atropa-tipped darts
 w - 35 arrows
 x - 5 javelins
 C - 23 sling bullets
Armour
 d - a +0 robe
 f - a +0 ring mail (worn)
 q - a +2 helmet (worn)
 r - a +2 cloak (worn)
 s - a +0 leather armour
Scrolls
 k - 2 scrolls of teleportation
 y - a scroll of fear {unknown}
 D - a scroll of noise {unknown}
Potions
 e - a potion of mutation {unknown}
 l - a potion of heal wounds {unknown}
 m - a potion of curing {unknown}
 A - 2 potions of magic {unknown}


   Skills:
 + Level 3.5 Fighting
 + Level 2.3 Short Blades
 + Level 2.3 Long Blades
 + Level 2.3 Axes
 + Level 2.3 Maces & Flails
 + Level 2.3 Polearms
 + Level 2.3 Staves
 + Level 2.3 Slings
 + Level 2.3 Bows
 + Level 5.1 Crossbows
 + Level 2.3 Throwing
 + Level 2.3 Armour
 + Level 5.1 Dodging
 + Level 2.3 Stealth
 + Level 2.3 Shields
 + Level 2.3 Unarmed Combat
 + Level 3.6 Spellcasting
 + Level 1.8 Conjurations
 + Level 5.8 Hexes
 + Level 1.8 Summonings
 + Level 1.8 Necromancy
 + Level 1.8 Translocations
 + Level 1.8 Transmutations
 + Level 1.8 Fire Magic
 + Level 1.8 Ice Magic
 + Level 1.8 Air Magic
 + Level 1.8 Earth Magic
 + Level 1.8 Poison Magic
 + Level 2.5 Invocations
 + Level 2.3 Evocations


You had 7 spell levels left.
You knew the following spells:

 Your Spells              Type           Power      Damage    Failure   Level
a - Corona                Hex            17%        N/A       4%          1
b - Slow                  Hex            16%        N/A       7%          2
c - Inner Flame           Hex/Fire       11%        N/A       30%         3

Your spell library contained the following spells:

 Spells                   Type           Power      Damage    Failure   Level
 Portal Projectile        Hex/Tloc       22%        N/A       30%         3
 Cause Fear               Hex            8%         N/A       43%         4
 Conjure Flame            Conj/Fire      6%         6-21      56%         3
 Ignite Poison            Fire/Tmut/Pois 6%         N/A       56%         3
 Sticky Flame             Conj/Fire      6%         2d3       93%         4


Dungeon Overview and Level Annotations

Branches:
Dungeon (5/15)             Temple (0/1) D:4

Altars:

Shops:
D:5 (


Innate Abilities, Weirdness & Mutations

You have very sharp teeth.
Your uncanny sense of smell can sniff out nearby items.
Your experience applies equally to all skills.


Message History

The centaur skeleton is almost destroyed.
You feel very sick.
The kobold barely misses the kobold.
The centaur skeleton hits you but does no damage.
The centaur skeleton barely misses you.
The kobold brigand throws a curare-tipped dart.
The curare-tipped dart barely misses you.
The kobold completely misses the kobold.
The kobold closely misses the kobold.
The centaur skeleton hits you but does no damage.
The centaur skeleton kicks you but does no damage.
A kobold comes into view. It is wielding a +0 club.
The kobold brigand throws a curare-tipped dart.
The curare-tipped dart hits you.
You are more poisoned.
You have difficulty breathing.
You feel as though you will be slow longer.
The kobold throws a poisoned dart.
The poisoned dart barely misses the kobold.
The poisoned dart closely misses the kobold brigand.
The poisoned dart hits you!
You are lethally poisoned!
The kobold barely misses the kobold.
You feel extremely sick.
The centaur skeleton hits you but does no damage.
The centaur skeleton kicks you but does no damage.
The kobold misses the kobold.
The kobold brigand throws a curare-tipped dart.
The curare-tipped dart hits you.
You are more poisoned.
You have difficulty breathing.
* * * LOW HITPOINT WARNING * * *
You feel as though you will be slow longer.
The centaur skeleton misses you.
The centaur skeleton kicks you but does no damage.
The kobold closely misses the kobold.
The kobold hits the kobold with a +0 short sword.
The kobold misses the kobold.
You climb upwards.
You die...

..# ##..#.....# #.###
#..#.....# )...# #..#.....#
♣.♣.# #..#.....# .>..#
#..#.....# ♣.♣.# #..#.....#
....# ##.#.....## ##.##
#.#......#### #.#
#@.......'..#
#.#################....##.#
#..................)...##.#
########.........<.....##.#
#..............>##.#
##########'#....##.#
#.........#.# #.#.##....#.#
#.#.......#.#


There were no monsters in sight!

Vanquished Creatures
  2 ogres
  A phantom (D:2)
  A scorpion (D:3)
  A jelly (D:4)
  An orc wizard (D:4)
  A gnoll (D:1)
  A howler monkey skeleton (D:4)
  3 adders
  An adder skeleton (D:4)
  2 worms
  A dart slug (D:2)
  3 orcs (D:4)
  5 bats
  5 endoplasms
  3 giant cockroaches
  9 hobgoblins
  4 jackals
  5 quokkas
  5 ball pythons
  4 frilled lizards (D:1)
  7 goblins
  5 kobolds
  7 rats
77 creatures vanquished.

Vanquished Creatures (collateral kills)
  A kobold (D:5)
1 creature vanquished.

Vanquished Creatures (others)
  4 withered plants (D:2)
4 creatures vanquished.

Grand Total: 82 creatures vanquished

Notes
Turn   | Place    | Note
-------+----------+-------------------------------------------
     0 | D:1      | unlimited1921 the Gnoll Arcane Marksman began the quest for
                  | the Orb.
     0 | D:1      | Reached XP level 1. HP: 17/17 MP: 4/4
   194 | D:1      | Reached XP level 2. HP: 23/23 MP: 5/5
   386 | D:1      | Learned a level 2 spell: Slow
   469 | D:1      | Reached XP level 3. HP: 28/28 MP: 1/7
   986 | D:1      | Reached skill level 1 in Invocations
  2090 | D:4      | Found a staircase to the Ecumenical Temple.
  2160 | D:4      | Reached skill level 1 in Short Blades
  2160 | D:4      | Reached skill level 1 in Long Blades
  2160 | D:4      | Reached skill level 1 in Axes
  2160 | D:4      | Reached skill level 1 in Maces & Flails
  2160 | D:4      | Reached skill level 1 in Polearms
  2160 | D:4      | Reached skill level 1 in Staves
  2160 | D:4      | Reached skill level 1 in Slings
  2160 | D:4      | Reached skill level 1 in Bows
  2160 | D:4      | Reached skill level 1 in Throwing
  2160 | D:4      | Reached skill level 1 in Armour
  2160 | D:4      | Reached skill level 1 in Stealth
  2160 | D:4      | Reached skill level 1 in Shields
  2160 | D:4      | Reached skill level 1 in Unarmed Combat
  2160 | D:4      | Reached skill level 1 in Evocations
  2160 | D:4      | Reached XP level 4. HP: 34/34 MP: 3/8
  2381 | D:4      | Reached skill level 1 in Conjurations
  2381 | D:4      | Reached skill level 1 in Summonings
  2381 | D:4      | Reached skill level 1 in Necromancy
  2381 | D:4      | Reached skill level 1 in Translocations
  2381 | D:4      | Reached skill level 1 in Transmutations
  2381 | D:4      | Reached skill level 1 in Fire Magic
  2381 | D:4      | Reached skill level 1 in Ice Magic
  2381 | D:4      | Reached skill level 1 in Air Magic
  2381 | D:4      | Reached skill level 1 in Earth Magic
  2381 | D:4      | Reached skill level 1 in Poison Magic
  2566 | D:4      | Noticed an ogre
  2575 | D:4      | Killed an ogre
  2576 | D:4      | Reached XP level 5. HP: 41/41 MP: 3/9
  2664 | D:4      | Noticed an ogre
  3036 | D:3      | Reached XP level 6. HP: 29/47 MP: 8/11
  3327 | D:3      | Reached skill level 5 in Crossbows
  3327 | D:3      | Reached skill level 5 in Dodging
  3398 | D:3      | Learned a level 3 spell: Inner Flame
  4913 | D:2      | Reached XP level 7. HP: 44/52 MP: 8/12
  5218 | D:2      | Found a faded altar of an unknown god.
  5685 | D:5      | Entered Level 5 of the Dungeon
  5685 | D:5      | Found Sisivyul's Antique Weapon Boutique.
  5693 | D:4      | Succumbed to a kobold brigand's curare-tipped dart

Illustrated notes

Levels and vault maps discovered:
D:1:      wheals_arrival_linesprint, layout_basic, minmay_misc_feat_doors,
          minmay_domino_4
D:2:      layout_rooms, ebering_ecumenical_altar_petrified, chequers_mini_garden
D:3:      layout_basic
D:4:      layout_basic, minmay_temple_entry_trees
D:5:      layout_rooms, serial_shops, shop, minmay_manual_mullet

Skill      XL: |  1  2  3  4  5  6 |
---------------+-------------------+-----
Invocations    | 1 2 |  2.5
Short Blades   | 1 2 |  2.3
Long Blades    | 1 2 |  2.3
Axes           | 1 2 |  2.3
Maces & Flails | 1 2 |  2.3
Polearms       | 1 2 |  2.3
Staves         | 1 2 |  2.3
Slings         | 1 2 |  2.3
Bows           | 1 2 |  2.3
Throwing       | 1 2 |  2.3
Armour         | 1 2 |  2.3
Stealth        | 1 2 |  2.3
Shields        | 1 2 |  2.3
Unarmed Combat | 1 2 |  2.3
Spellcasting   | 3 |  3.6
Evocations     | 1 2 |  2.3
Conjurations   | 1 |  1.8
Summonings     | 1 |  1.8
Necromancy     | 1 |  1.8
Translocations | 1 |  1.8
Transmutations | 1 |  1.8
Fire Magic     | 1 |  1.8
Ice Magic      | 1 |  1.8
Air Magic      | 1 |  1.8
Earth Magic    | 1 |  1.8
Poison Magic   | 1 |  1.8
Fighting       | 3 |  3.5
Crossbows      | 5 |  5.1
Dodging        | 5 |  5.1
Hexes          | |  5.8

Action                   |  1- 3 |  4- 6 |  7- 9 || total
-------------------------+-------+-------+-------++-------
Melee: Spear             |    50 |       |       ||    50
       Bite              |     4 |    14 |     6 ||    24
       Dagger            |       |    20 |       ||    20
       Short sword       |       |    84 |    43 ||   127
 Fire: Hand crossbow     |    64 |    63 |     5 ||   132
Throw: Dart              |       |    15 |     5 ||    20
 Cast: Corona            |    20 |    23 |     7 ||    50
       Slow              |    14 |    35 |     3 ||    52
       Inner Flame       |       |     1 |     1 ||     2
  Use: Scroll            |     1 |       |     5 ||     6
 Stab: Sleeping          |     1 |       |       ||     1
Armor: Robe              |     9 |     3 |       ||    12
       Leather armour    |       |    21 |       ||    21
       Ring mail         |       |    25 |    16 ||    41
Dodge: Dodged            |    40 |   103 |    23 ||   166
